 Dungeon Crawl Stone Soup version 0.17.1-1-g73c8601 (webtiles) character file.

12 Implojin the Ruffian (level 2, -6/29 HPs)
             Began as a Troll Fighter on Apr 4, 2016.
             Shot with an arrow by a centaur (8 damage)
             ... on level 3 of the Dungeon.
             The game lasted 00:01:13 (180 turns).

Implojin the Ruffian (Troll Fighter)                 Turns: 180, Time: 00:01:14

Health: -6/29      AC:  5    Str: 23    XL:     2   Next: 20%
Magic:  1/1        EV:  8    Int:  4    God:
Gold:   25         SH:  8    Dex:  9    Spells: 0 memorised, 1 level left

rFire  . . .     SeeInvis .       - Unarmed
rCold  . . .     Clarity  .     a - +0 robe
rNeg   . . .     SustAt   .     b - +0 shield
rPois  .         Gourm    +     (helmet restricted)
rElec  .         Spirit   .     (no cloak)
rCorr  .         Warding  .     (gloves unavailable)
rMut   .         Stasis   .     (boots unavailable)
MR     .....                    (no amulet)
Stlth  +.........               (no ring)
                                (no ring)

@: not resistant to hostile enchantments, very unstealthy
A: unfitting armour, claws 3, fast metabolism 3, gourmand, regeneration 2,
shaggy fur 1, tough skin 2
a: no special abilities


You were on level 3 of the Dungeon.
You were not hungry.

You visited 1 branch of the dungeon, and saw 3 of its levels.

You collected 25 gold pieces.

Inventory:

Hand Weapons
 f - a +0 blowgun
Missiles
 g - 13 poisoned needles
Armour
 a - a +0 robe (worn)
 b - a +0 shield (worn)
Potions
 c - a potion of might
 e - a potion of mutation {unknown}
Comestibles
 d - 4 bread rations


   Skills:
 - Level 2.4 Fighting
 - Level 2.4 Dodging
 - Level 2.4 Shields
 * Level 2.9 Unarmed Combat


You had one spell level left.
You didn't know any spells.

Dungeon Overview and Level Annotations

Branches:
Dungeon (3/15)

Altars:


Innate Abilities, Weirdness & Mutations

You are too large for most types of armour.
You have claws for hands.
Your metabolism is lightning-fast.
You like to eat raw meat.
You heal very quickly.
You are covered in fur (AC +1).
You have very tough skin (AC +2).


Message History

The adder is severely wounded.
You feel sick. The kobold closely misses you. The adder barely misses you.
You claw the adder!
You kill the adder!
You have reached level 2!
The kobold completely misses you.
You closely miss the kobold. The kobold hits you.
You claw the kobold!
You kill the kobold!
You feel sick.
Things that are here:
an uncursed blowgun; 13 poisoned needles; a kobold corpse
f - an uncursed blowgun;
g - 13 poisoned needles You feel sick.
Found an escape hatch in the ceiling.
You feel sick.
You now have 25 gold pieces (gained 9).
You feel sick.
You are no longer poisoned.
A centaur comes into view.
The centaur shouts!
The centaur wields a shortbow.
The centaur shoots an arrow.
The arrow hits you!
You see here an arrow.
The centaur shoots an arrow.
The arrow hits you!
* * * LOW HITPOINT WARNING * * *
You see here an arrow.
You aren't carrying any spellbooks or scrolls.
Drink which item? (? for menu, Esc to quit)
Okay, then.
You aren't carrying any spellbooks or scrolls.
The centaur shoots an arrow.
The arrow barely misses you.
The centaur shoots an arrow.
The arrow hits you.
* * * LOW HITPOINT WARNING * * *
The centaur shoots an arrow.
The arrow hits you.
* * * LOW HITPOINT WARNING * * *
You see here an arrow.
The centaur shoots an arrow.
You block the arrow.
The centaur shoots an arrow.
The arrow hits you but does no damage.
The centaur shoots an arrow.
The arrow hits you!
You die...

# #.# # ###.###
#.# # #.....#
#.# # #.....#
##.## ####
#.....###...##
...#
#.....##.....##
##.#
#....(#.......##
# #
######(........#
# #(.(.@.c..# #
#.........# .
##.......## #
##......# #
##...#.# .
#####.# #


You could see a centaur.

Vanquished Creatures
  An adder (D:3)
  A goblin (D:2)
  A quokka (D:2)
  3 kobolds
6 creatures vanquished.

Notes
Turn   | Place    | Note
--------------------------------------------------------------
     0 | D:1      | Implojin the Troll Fighter began the quest for the Orb.
     0 | D:1      | Reached XP level 1. HP: 22/22 MP: 0/0
   139 | D:3      | Reached XP level 2. HP: 19/29 MP: 1/1
   175 | D:3      | Noticed a centaur
   178 | D:3      | HP: 1/29 [centaur/arrow (4)]
   180 | D:3      | Shot with an arrow by a centaur

Action                   || total
-------------------------++-------
Melee: Unarmed           ||    29

Table legend:
 A = Turns spent in this place as a percentage of turns spent in the entire game.
 B = Non-inter-level travel turns spent in this place as a percentage of non-inter-level travel turns spent in the entire game.
 C = Inter-level travel turns spent in this place as a percentage of turns spent in this place.
 D = Turns resting spent in this place as a percentage of non-inter-level travel turns spent in this place.
 E = Turns spent auto-exploring this place as a percentage of non-inter-level travel turns spent in this place.
 F = Non-inter-level travel turns spent in this place divided by the number of levels of this place that you've seen.
                   A       B       C       D       E      F
               +-------+-------+-------+-------+-------+----------------------
         Total | 100.0 | 100.0 |   0.0 |   0.0 |   0.0 |  59.0
       Dungeon | 100.0 | 100.0 |   0.0 |   0.0 |   0.0 |  59.0
               +-------+-------+-------+-------+-------+----------------------

Table legend:
 A = Kills in this place as a percentage of kills in entire the game.
 B = Kills by you in this place as a percentage of kills by you in the entire game.
 C = Kills by friends in this place as a percentage of kills by friends in the entire game.
 D = Other kills in this place as a percentage of other kills in the entire game.
 E = Experience gained in this place as a percentage of experience gained in the entire game.
 F = Experience gained in this place divided by the number of levels of this place that you have seen.
                   A       B       C       D       E      F
               +-------+-------+-------+-------+-------+----------------------
         Total | 100.0 | 100.0 |  -nan |  -nan | 100.0 |   6.0
       Dungeon | 100.0 | 100.0 |  -nan |  -nan | 100.0 |   6.0
               +-------+-------+-------+-------+-------+----------------------
